 Dungeon Crawl Stone Soup version 0.30.1-3-gfc49f6343a (webtiles) character file.

Game seed: 15137165160572614717

20666 Tirrikindir the Covert (level 12, -1/84 HPs)
             Began as an Octopode Fighter on July 28, 2023.
             Was the Champion of Makhleb.
             Slain by a yak (16 damage)
             ... on level 1 of the Lair of Beasts.
             The game lasted 00:43:23 (11135 turns).

Tirrikindir the Covert (Octopode Fighter)          Turns: 11135, Time: 00:43:24

Health: -1/84      AC:  5    Str: 15    XL:     12   Next: 81%
Magic:  17/17      EV: 22    Int: 10    God:    Makhleb [******]
Gold:   446        SH:  0    Dex: 15    Spells: 11/11 levels left

rFire   + . .        g - +10 great sword "Echixil" {elec, *Rage Fly Str+3}
rCold   x . .        (shield currently unavailable)
rNeg    + + .        (helmet restricted)
rPois   +            f - amulet of faith
rElec   +            e - ring of flight
rCorr   .            j - ring of poison resistance
SInv    .            k - +4 ring of protection
Will    ++...        A - +5 ring of evasion
Stlth   ++++++       C - ring of Rihil {Fire rElec rN++ Will+ Str-5}
HPRegen 0.34/turn    (no ring)
MPRegen 0.15/turn    (no ring)
                     (no ring)

%: random rage (20%), faith
@: on berserk cooldown, flying, slowed, very slow
A: almost no armour, amphibious, 8 rings, camouflage 1, gelatinous body 1,
(nimble swimmer 1), tentacles, tentacle spike 1, strong-willed 1, wild magic 1,
noise suppression
a: Renounce Religion, Minor Destruction, Lesser Servant of Makhleb, Major
Destruction, Greater Servant of Makhleb


You were on level 1 of the Lair of Beasts.
You worshipped Makhleb.
Makhleb was exalted by your worship.
You visited 3 branches of the dungeon, and saw 14 of its levels.
You also visited: Ossuary.

You collected 1128 gold pieces.
You spent 682 gold pieces at shops.

Inventory:

Hand Weapons
 a - a +0 long sword
 g - the +10 great sword "Echixil" (weapon) {elec, *Rage Fly Str+3}
   (You acquired it on level 1 of the Dungeon)

   Str:       It affects your strength (+3).
   Fly:       It grants you flight.
   *Rage:     It berserks you when you make melee attacks (+20% chance).
 z - a +3 short sword
Missiles
 p - 17 poisoned darts
Armour
 b - a +0 buckler
Jewellery
 e - a ring of flight (left tentacle)
 f - an amulet of faith (around mantle)
 j - a ring of poison resistance (right tentacle)
 k - a +4 ring of protection (on tentacle)
 A - a +5 ring of evasion (on tentacle)
 C - the ring of Rihil (on tentacle) {Fire rElec rN++ Will+ Str-5}
   (You acquired it on level 5 of the Dungeon)

   [ring of fire]

   It enhances your fire magic.
   Str:       It affects your strength (-5).
   rF:        It protects you from fire.
   rC:        It makes you vulnerable to cold.
   rElec:     It insulates you from electricity.
   rN:        It greatly protects you from negative energy.
   Will:      It increases your willpower.
 K - an amulet of regeneration
 L - a ring of protection from fire
Wands
 l - a wand of polymorph (14)
 q - a wand of quicksilver (2)
 F - a wand of charming (15)
 N - a wand of mindburst (7)
 Q - a wand of flame (4)
 S - a wand of digging (5)
 T - a wand of iceblast (5)
Scrolls
 n - 3 scrolls of fear
 o - 3 scrolls of poison
 s - 2 scrolls of amnesia
 t - 4 scrolls of magic mapping
 w - 9 scrolls of blinking
 y - 4 scrolls of immolation
 D - 2 scrolls of silence
 H - 2 scrolls of butterflies
 J - 4 scrolls of enchant armour {unknown}
 M - 3 scrolls of teleportation
 O - 2 scrolls of brand weapon {unknown}
 P - a scroll of fog
Potions
 c - 2 potions of might
 d - 4 potions of ambrosia
 h - 10 potions of curing
 i - 4 potions of haste
 m - 3 potions of mutation
 r - a potion of flight
 v - 2 potions of invisibility
 x - 5 potions of berserk rage
 B - 4 potions of magic
 G - 5 potions of lignification {unknown}
 I - 3 potions of brilliance {unknown}


   Skills:
 * Level 8.8 Fighting
 + Level 11.3 Long Blades
 - Level 2.0 Throwing
 * Level 9.3 Dodging
 * Level 12.4 Stealth
 - Level 3.2 Shields
 + Level 7.9 Invocations
 + Level 6.8 Evocations


You had 11 spell levels left.
You didn't know any spells.
Your spell library contained the following spells:

 Spells                   Type           Power      Damage    Failure   Level
 Beastly Appendage        Tmut           0%         N/A       45%         1
 Sandblast                Erth           0%         2d4       45%         1
 Passwall                 Tmut/Erth      0%         N/A       58%         2
 Wereblood                Tmut           0%         N/A       58%         2
 Spider Form              Tmut/Pois      0%         N/A       82%         3
 Stone Arrow              Conj/Erth      0%         3d7       82%         3
 Animate Dead             Necr           0%         N/A       99%         4
 Leda's Liquefaction      Hex/Erth       0%         N/A       99%         4
 Manifold Assault         Tloc           0%         N/A       99%         4
 Lee's Rapid Deconstruct  Erth           0%         3d4*      100%        5
 Dispersal                Tloc           0%         N/A       100%        6
 Statue Form              Tmut/Erth      0%         N/A       100%        6
 Haunt                    Necr/Summ      0%         N/A       100%        7
 Disjunction              Tloc           0%         N/A       100%        8
 Infestation              Necr           0%         N/A       100%        8


Dungeon Overview and Level Annotations

Branches:
Dungeon (12/15)            Temple (1/1) D:6            Lair (1/5) D:10
    Orc (0/2) D:11        Ossuary (visited)

Altars:
Ashenzari
Cheibriados
Dithmenos
Elyvilon
Fedhas
Gozag
Hepliaklqana
Kikubaaqudgha
Makhleb
Nemelex Xobeh
Okawaru
Qazlal
Ru
Sif Muna
Trog
Uskayaw
Vehumet
Wu Jian
Xom
Yredelemnul
Zin
The Shining One

Shops:
D:4 *   D:5 [**   D:7 :   D:9 [


Innate Abilities, Weirdness & Mutations

You cannot wear most types of armour.
You are amphibious.
You can wear up to eight rings at the same time.
Your skin changes colour to match your surroundings (Stealth+).
Your rubbery body absorbs attacks. (AC +1, EV +1)
((You are camouflaged when in or above water. (Stealth+)))
You have tentacles for arms and can constrict up to eight enemies at once.
One of your tentacles bears a spike.
You are strong-willed. (Will+)
Your spells are a little harder to cast, but a little more powerful.
You passively dampen the noise of your surroundings.


Message History

You now have 446 gold pieces (gained 21).
A yak and a cane toad come into view.
You slice the fungus!!
The fungus begins to die.
You grab the fungus.
You pierce the fungus.
The fungus is lightly damaged.
You constrict the fungus.
You release your grip on the fungus.
A yak comes into view.
Found a robe.
A nearby fungus withers and dies.
The yak bellows!
The cane toad croaks.
A komodo dragon comes into view.
A yak comes into view.
The cane toad misses you.
The yak bellows!
You slice the cane toad!! You grab the cane toad.
You pierce the cane toad.
The cane toad is almost dead.
You constrict the cane toad, but do no damage.
The cane toad stings you! The cane toad stings you!!
You slice the yak!!
Your tentacle spike misses the yak.
Your tentacle-slap misses the yak.
The yak is severely wounded.
You constrict the cane toad, but do no damage.
The yak gores you! The cane toad misses you. The yak gores you.
The cane toad stings you!!
* * * LOW HITPOINT WARNING * * *
You release your grip on the cane toad.
The yak attacks as you move away! The yak misses you. The yak gores you!
* * * LOW HITPOINT WARNING * * *
You feel much better. The cane toad misses you. The cane toad stings you.
You are poisoned.
The cane toad poisons you! The yak gores you!
* * * LOW HITPOINT WARNING * * *
The yak gores you!
* * * LOW HITPOINT WARNING * * *
Okay, then.
You feel better. The cane toad misses you. The yak completely misses you.
The yak closely misses you. The yak gores you!
* * * LOW HITPOINT WARNING * * *
The cane toad misses you. The yak barely misses you. The yak gores you!
You die...

##..≈...## ####..~~~~..#
##....≈~≈~~..# # ##
.....~≈≈~~~.# # #####P
#..>~≈≈≈≈~.# # #.....
#...~≈≈≈≈~.## #
#.....#####..~≈≈≈~≈..# #
##.....FY#..~≈≈≈≈≈†..## #
......lY@..~.~≈≈≈~....###
.......Y.....~~~≈...#..#.
.................####..#.
............#...## #....
..[.........##### ##..#
#...........# #.#.#
P..........## ##.##
#..........# #. ..


You could see a komodo dragon, 3 yaks and a cane toad.

Vanquished Creatures
  Snorg (D:11)
  A boulder beetle (D:12)
  2 two-headed ogres (D:9)
  An ugly thing (D:12)
  An elephant (D:10)
  2 gargoyles
  An unseen horror (D:11)
  2 komodo dragons
  A tengu conjurer (D:9)
  2 hornets
  9 blink frogs (Lair:1)
  3 shadows
  2 vampires
  2 wyverns
  26 yaks
  2 wraiths
  2 basilisks
  A steam dragon (D:9)
  4 vampire mosquitoes (D:11)
  Menkaure (D:4)
  18 water moccasins
  5 acid dragons
  3 black bears
  6 orc warriors
  A sky beast (D:7)
  An ogre (D:4)
  4 wolves (Lair:1)
  A boggart (D:9)
  8 centaurs
  A phantom (D:6)
  3 kobold brigands
  Blork the orc (D:5)
  4 bullfrogs
  4 scorpions
  2 gnoll sergeants
  8 wights (D:8)
  7 killer bees (D:10)
  A howler monkey (D:6)
  3 electric eels
  A jelly (D:6)
  Crazy Yiuf (D:2)
  3 gnoll boudas
  6 hounds
  5 orc priests
  A sleepcap (D:5)
  5 iguanas
  10 orc wizards
  Ijyb (D:3)
  8 mummies (Ossuary)
  16 gnolls
  27 adders
  A shadow imp (D:8)
  A white imp (D:6)
  2 ufetubi
  2 worms
  3 dart slugs
  29 orcs
  7 endoplasms
  7 giant cockroaches
  A gnoll zombie (Ossuary)
  16 hobgoblins
  6 jackals (D:1)
  11 kobolds
  3 quokkas
  10 ball pythons
  4 bats
  2 frilled lizards
  7 goblins
  2 hobgoblin zombies (Ossuary)
  3 kobold zombies (Ossuary)
  2 orc zombies (Ossuary)
  5 rats
355 creatures vanquished.

Notes
Turn   | Place    | Note
-------+----------+-------------------------------------------
     0 | D:1      | Tirrikindir the Octopode Fighter began the quest for the
                  | Orb.
     0 | D:1      | Reached XP level 1. HP: 16/16 MP: 1/1
    51 | D:1      | Reached XP level 2. HP: 13/21 MP: 2/2
    57 | D:1      | Reached skill level 1 in Stealth
   138 | D:1      | Reached XP level 3. HP: 26/26 MP: 3/3
   167 | D:1      | Found a faded altar of an unknown god.
   360 | D:1      | Identified a scroll of acquirement
   360 | D:1      | Acquired the +10 great sword "Echixil" {elec, *Rage Fly
                  | Str+3}
   495 | D:2      | Acquired a +4 ring of protection
   549 | D:2      | Reached XP level 4. HP: 31/31 MP: 4/4
   590 | D:2      | Reached skill level 2 in Stealth
   612 | D:2      | You are sucked into a shaft and drop 1 floor!
   641 | D:3      | Found a white marble altar of Elyvilon.
   861 | D:2      | Found a runed translucent door.
   862 | D:2      | Noticed Crazy Yiuf
   866 | D:2      | Killed Crazy Yiuf
   867 | D:2      | Reached XP level 5. HP: 36/36 MP: 5/5
   996 | D:3      | Found a sparkling altar of Nemelex Xobeh.
  1011 | D:3      | Noticed Ijyb
  1019 | D:3      | Killed Ijyb
  1511 | D:4      | Noticed an ogre
  1519 | D:4      | Killed an ogre
  1520 | D:4      | Reached skill level 1 in Throwing
  1520 | D:4      | Reached skill level 3 in Stealth
  1520 | D:4      | Reached skill level 1 in Evocations
  1520 | D:4      | Reached XP level 6. HP: 28/43 MP: 6/6
  1864 | D:4      | Noticed Menkaure
  1870 | D:4      | Killed Menkaure
  1894 | D:4      | Reached XP level 7. HP: 48/48 MP: 7/7
  2018 | D:4      | Found Yddyotoiv's Assorted Antiques.
  2022 | D:4      | Bought a scroll of identify for 54 gold pieces
  2022 | D:4      | Bought a scroll labelled CUMOEFRYTISH for 27 gold pieces
  2022 | D:4      | Bought an emerald potion for 24 gold pieces
  2022 | D:4      | Bought a metallic cyan potion for 24 gold pieces
  2022 | D:4      | Bought a scroll labelled UFROWKUREL for 27 gold pieces
  2022 | D:4      | Bought an emerald potion for 24 gold pieces
  2072 | D:4      | Reached skill level 4 in Stealth
  2102 | D:4      | Found a burning altar of Makhleb.
  2105 | D:4      | Became a worshipper of Makhleb the Destroyer
  2677 | D:5      | Entered Level 5 of the Dungeon
  2707 | D:5      | Found Ywiwait's Assorted Antiques.
  2750 | D:5      | Bought a scroll labelled UFROWKUREL for 24 gold pieces
  2750 | D:5      | Bought a clear potion for 21 gold pieces
  2754 | D:5      | Acquired the ring of Rihil {Fire rElec rN++ Will+ Str-5}
  2844 | D:5      | Reached skill level 5 in Long Blades
  2872 | D:5      | Reached skill level 1 in Invocations
  2891 | D:5      | Reached XP level 8. HP: 54/54 MP: 7/9
  2929 | D:5      | Noticed Blork the orc
  2935 | D:5      | Killed Blork the orc
  2936 | D:5      | Reached skill level 5 in Stealth
  2986 | D:5      | Found Sodiomev's Antique Armour Boutique.
  3232 | D:5      | Found Leujam's Assorted Antiques.
  3240 | D:5      | Bought a scroll labelled CUMOEFRYTISH for 19 gold pieces
  3367 | D:6      | Reached * piety under Makhleb
  3371 | D:6      | Reached skill level 5 in Dodging
  3373 | D:6      | Found a sand-covered staircase.
  3378 | Ossuary  | Entered an ossuary
  3595 | D:6      | Found a blossoming altar of Fedhas.
  3680 | D:6      | Reached ** piety under Makhleb
  3681 | D:6      | Reached skill level 6 in Stealth
  3980 | D:6      | Found a staircase to the Ecumenical Temple.
  4012 | Temple   | Entered the Ecumenical Temple
  4100 | D:6      | Reached XP level 9. HP: 58/58 MP: 11/11
  4337 | D:6      | Found an opulent altar of Gozag.
  4337 | D:6      | Found a snail-covered altar of Cheibriados.
  4710 | D:6      | Reached *** piety under Makhleb
  4778 | D:6      | Reached skill level 5 in Invocations
  5138 | D:7      | Gained mutation: You occasionally shout uncontrollably at
                  | your foes. [potion of mutation]
  5138 | D:7      | Gained mutation: Your mind is acute. (Int +4, Str/Dex -1)
                  | [potion of mutation]
  5139 | D:7      | Lost mutation: You occasionally shout uncontrollably at
                  | your foes. [potion of mutation]
  5139 | D:7      | Lost mutation: Your mind is acute. (Int +4, Str/Dex -1)
                  | [potion of mutation]
  5139 | D:7      | Gained mutation: Your spells are a little harder to cast,
                  | but a little more powerful. [potion of mutation]
  5139 | D:7      | Gained mutation: One of your tentacles bears a spike.
                  | [potion of mutation]
  5139 | D:7      | Gained mutation: You passively dampen the noise of your
                  | surroundings. [potion of mutation]
  5139 | D:7      | Gained mutation: You are strong-willed. (Will+) [potion of
                  | mutation]
  5189 | D:7      | Found Nets's Self-Improvement Boutique.
  5411 | D:7      | Reached skill level 10 in Long Blades
  6156 | D:8      | Reached XP level 10. HP: 65/65 MP: 13/13
  6171 | D:8      | Reached **** piety under Makhleb
  6396 | D:8      | Reached skill level 7 in Stealth
  6767 | D:5      | Bought a scroll of identify for 38 gold pieces
  6767 | D:5      | Bought a potion of haste for 190 gold pieces
  6767 | D:5      | Bought a scroll labelled YPIOTO REQEWO for 19 gold pieces
  6767 | D:5      | Bought a scroll of fear for 76 gold pieces
  6767 | D:5      | Bought a scroll labelled JYANEXIUDU for 19 gold pieces
  6793 | D:5      | Bought a scroll of identify for 48 gold pieces
  6793 | D:5      | Bought a scroll of identify for 48 gold pieces
  6990 | D:9      | Reached skill level 5 in Fighting
  7112 | D:9      | Found Vidoce's Antique Armour Boutique.
  7362 | D:9      | Found a large runed translucent door.
  7362 | D:9      | Found a large runed translucent door.
  7371 | D:9      | Reached skill level 8 in Stealth
  7372 | D:9      | Found a large runed translucent door.
  7372 | D:9      | Found a large runed translucent door.
  7429 | D:9      | Found an ornate altar of the Wu Jian Council.
  7540 | D:9      | Noticed a two-headed ogre
  7545 | D:9      | Killed a two-headed ogre
  7546 | D:9      | Reached XP level 11. HP: 72/72 MP: 15/15
  7713 | D:9      | Reached skill level 9 in Stealth
  7747 | D:9      | Noticed a two-headed ogre
  7751 | D:9      | Killed a two-headed ogre
  7753 | D:9      | Identified the +5 great mace of Devotion {flame, rElec
                  | Will+}
  7900 | D:10     | Entered Level 10 of the Dungeon
  7984 | D:10     | Reached skill level 5 in Evocations
  8310 | D:10     | Reached ***** piety under Makhleb
  8456 | D:10     | Found a staircase to the Lair.
  8469 | D:10     | Reached skill level 10 in Stealth
  9072 | D:11     | Found a staircase to the Orcish Mines.
  9401 | D:11     | Reached skill level 11 in Stealth
  9401 | D:11     | Reached XP level 12. HP: 82/82 MP: 17/17
  9439 | D:11     | Identified the +6 mace "Icwarugh" {venom, rF+ Will+ Int+2}
  9472 | D:11     | Noticed Snorg
  9478 | D:11     | Killed Snorg
 10457 | D:12     | Noticed a boulder beetle
 10478 | D:12     | Killed a boulder beetle
 10658 | D:12     | Reached skill level 12 in Stealth
 10802 | Lair:1   | Entered Level 1 of the Lair of Beasts
 10826 | Lair:1   | Reached ****** piety under Makhleb
 11135 | Lair:1   | Slain by a yak

Illustrated notes

Levels and vault maps discovered:
D:1:      scummos_arrival_hexagon, layout_rooms,
          hellmonk_ecumenical_altar_crossroads, minivault_4
D:2:      layout_rooms, serial_bayou_pond_b, uniq_crazy_yiuf_cottage
D:3:      layout_rooms, nemelex_spade_bored_becter,
          mainiacjoe_overflow_tiny_flanked, minmay_fractal_squares_5, uniq_ijyb
D:4:      layout_loops_corners, kennysheep_mini, serial_shops,
          nicolae_shop_trees, grunt_ministairs_2, uniq_menkaure
D:5:      layout_loops_cross, serial_shops, shop, nicolae_lakefront_shop,
          nicolae_shop_overgrown_old_shop, uniq_blork_the_orc
D:6:      kennysheep_housing_project, layout_basic, fedhas_ov_isle_minmay,
          gammafunk_temple_overflow_wave, minmay_temple_entry_offerings,
          enter_ossuary_2
D:7:      layout_basic, nicolae_shop_self_help
D:8:      layout_loops_cross, serial_park_tiny_1, minmay_misc_feat_pillars
D:9:      layout_irregular_city, mainiacjoe_overflow_concentric_impassable,
          minmay_shop_grid_forest, minmay_hollow_rounded_squares
D:10:     layout_cave_pods, david_lair_generic, kennysheep_nub, minmay_circle_x
D:11:     lemuel_reptile_caves, layout_rooms, david_orc_2, uniq_snorg
D:12:     layout_roguey
Temple:   eino_wide_crystal_templ
Lair:1:   layout_cave_pods, infiniplex_staircase_pool, serial_bayou_shore_b,
          uniq_amaemon

Skill      XL: |  1  2  3  4  5  6  7  8  9 10 11 12 |
---------------+-------------------------------------+-----
Stealth        | 1 2 3 4 6 8 11 12 | 12.4
Long Blades    | 3 4 5 7 10 11 | 11.3
Throwing       | 1 2 |  2.0
Evocations     | 1 2 3 4 5 6 |  6.8
Fighting       | 4 6 7 8 |  8.8
Dodging        | 4 5 6 8 9 |  9.3
Invocations    | 1 3 5 6 7 |  7.9
Shields        | |  3.2

Action                     |  1- 3 |  4- 6 |  7- 9 | 10-12 || total
---------------------------+-------+-------+-------+-------++-------
  Melee: Long sword        |    45 |       |       |       ||    45
         Constrict         |    22 |     9 |    71 |    57 ||   159
         Tentacles         |     7 |     8 |    40 |    77 ||   132
         Great sword       |    26 |    59 |   215 |   317 ||   617
         Punch             |       |       |     4 |     5 ||     9
         Kick              |       |       |     7 |   104 ||   111
  Throw: Dart              |       |       |     2 |       ||     2
 Invoke: Minor Destruction |       |       |     4 |    26 ||    30
  Evoke: Wand              |       |       |     1 |       ||     1
    Use: Scroll            |     3 |     3 |    11 |     9 ||    26
         Potion            |       |     1 |     3 |     5 ||     9
   Stab: Sleeping          |     5 |    10 |    21 |    24 ||    60
         Distracted        |       |       |     1 |       ||     1
 Armour: Skin              |     8 |    16 |    22 |    23 ||    69
  Dodge: Dodged            |    34 |    33 |   190 |   304 ||   561
  Block: Buckler           |     9 |       |       |       ||     9
